 Dungeon Crawl Stone Soup version 0.17.0-23-g0de4337 (webtiles) character file.

1199 septik the Twirler (level 8, -8/50 HPs)
             Began as a Gargoyle Gladiator on Nov 14, 2015.
             Mangled by a mummy (9 damage)
             ... in an ossuary.
             The game lasted 00:07:20 (3372 turns).

septik the Twirler (Gargoyle Gladiator)             Turns: 3372, Time: 00:07:20

Health: -8/50      AC: 14    Str: 19    XL:     8   Next: 44%
Magic:  8/8        EV: 11    Int:  9    God:
Gold:   331        SH:  0    Dex: 12    Spells: 0 memorised, 7 levels left

rFire  . . .     SeeInvis .     a - +0 quarterstaff
rCold  . . .     Clarity  .     i - +0 scale mail
rNeg   + . .     SustAt   .     (shield currently unavailable)
rPois  ∞         Gourm    .     c - +0 helmet
rElec  +         Spirit   .     (no cloak)
rCorr  .         Warding  .     A - +0 pair of gloves
rMut   .         Stasis   .     (no boots)
MR     .....                    (no amulet)
Stlth  ..........               (no ring)
                                (no ring)

@: not resistant to hostile enchantments, extremely unstealthy
A: negative energy resistance 1, electricity resistance, unbreathing,
petrification resistance, rot immunity, AC +5
a: no special abilities


You were in an ossuary.
You were not hungry.

You visited 2 branches of the dungeon, and saw 6 of its levels.
You also visited: Ossuary.

You collected 331 gold pieces.

Inventory:

Hand Weapons
 a - a +0 quarterstaff (weapon)
 E - a +2 whip of electrocution
Missiles
 d - 3 throwing nets (quivered)
Armour
 b - a +0 leather armour
 c - a +0 helmet (worn)
 i - a +0 scale mail (worn)
 A - a +0 pair of gloves (worn)
Jewellery
 p - a cursed ring of teleportation {unknown}
 s - an uncursed amulet of resist mutation {unknown}
 x - a cursed -5 ring of intelligence {unknown}
 z - an uncursed ring of wizardry {unknown}
Wands
 w - a wand of digging (12)
Scrolls
 g - 4 scrolls of remove curse {unknown}
 j - a scroll of recharging {unknown}
 m - 3 scrolls of identify {unknown}
 n - a scroll of noise {unknown}
 q - a scroll of amnesia {unknown}
 u - a scroll of immolation {unknown}
 y - a scroll of teleportation {unknown}
 B - 2 scrolls of enchant armour {unknown}
Potions
 f - 5 potions of curing
 h - a potion of magic {unknown}
 l - a potion of degeneration {unknown}
 r - 2 potions of agility {unknown}
 t - 2 potions of might {unknown}
 v - a potion of heal wounds {unknown}
Books
 D - a book of Hinderance

   Spells                             Type                      Level
   a - Confusing Touch                Hexes                        2
   b - Confuse                        Hexes                        3
   c - Gell's Gravitas                Hexes/Translocation          3
   d - Petrify                        Transmutation/Earth          4
   e - Metabolic Englaciation         Hexes/Ice                    5
Comestibles
 e - 6 bread rations
 k - 3 slices of pizza
 o - a beef jerky
 C - 8 chunks of flesh


   Skills:
 + Level 5.4 Fighting
 * Level 6.9 Staves
 - Level 1.7 Throwing
 + Level 4.2 Armour
 + Level 4.3 Dodging


You had 7 spell levels left.
You didn't know any spells.

Dungeon Overview and Level Annotations

Branches:
Dungeon (5/15)             Temple (1/1) D:4

Altars:
Ashenzari
Cheibriados
Dithmenos
Elyvilon
Gozag
Kikubaaqudgha
Qazlal
Sif Muna
Vehumet
Xom
Yredelemnul
The Shining One


Innate Abilities, Weirdness & Mutations

You are resistant to torment.
Your stone body is resilient (AC +5).
You are immune to poison.
You resist negative energy.
You are resistant to electric shocks.
You can survive without breathing.
You are immune to petrification.
You are immune to rotting.


Message History

The mummy is moderately damaged.
The centaur zombie hits you.
* * * LOW HITPOINT WARNING * * *
The mummy closely misses you. The centaur zombie barely misses you.
There is an open door here.
You closely miss the mummy.
The mummy is moderately damaged.
The centaur zombie hits you but does no damage.
The mummy closely misses you.
A hound zombie comes into view.
You hit the mummy but do no damage.
The mummy is moderately damaged.
The mummy hits you!
* * * LOW HITPOINT WARNING * * *
The centaur zombie hits you but does no damage.
You hit the mummy.
The mummy is heavily damaged.
The centaur zombie hits you but does no damage.
The mummy hits you but does no damage. The mummy hits you!
You die...

## ## # #.
.# #
#'#'#'#'#'#'
+...ZMZ.....
##@## #.M.#
#.∩.# #..∩#
#####


You could see 2 mummies, a hound zombie and a centaur zombie.

Vanquished Creatures
  Pikel (D:5)
  The ghost of JudasIscariot the Sneak, an amateur KoAs (D:4)
  A phantom (D:4)
  An ogre (D:4)
  A slave (D:5)
  An elf skeleton (D:5)
  A scorpion (D:5)
  A hound (D:5)
  An orc priest (D:4)
  A human skeleton (D:5)
  An orc wizard (D:4)
  4 worker ants
  2 mummies (Ossuary)
  2 adders
  An ooze (D:4)
  4 worms
  2 giant geckos
  4 orcs (D:4)
  3 bats
  7 giant cockroaches
  3 goblins
  3 hobgoblins
  7 jackals (D:1)
  A ball python (D:3)
  2 giant newts (D:5)
  A jackal skeleton (D:4)
  7 kobolds
  3 rats
67 creatures vanquished.

Vanquished Creatures (others)
  A slave (D:5)
  An adder (D:5)
  4 orcs (D:5)
  2 plants (Ossuary)
8 creatures vanquished.

Grand Total: 75 creatures vanquished

Notes
Turn   | Place    | Note
--------------------------------------------------------------
     0 | D:1      | septik the Gargoyle Gladiator began the quest for the Orb.
     0 | D:1      | Reached XP level 1. HP: 12/12 MP: 1/1
   110 | D:1      | Reached XP level 2. HP: 13/18 MP: 2/2
   544 | D:2      | Found a shadowy altar of Dithmenos.
   786 | D:2      | Reached XP level 3. HP: 22/22 MP: 3/3
   949 | D:2      | Found a deep blue altar of Sif Muna.
   949 | D:2      | Found a white marble altar of Elyvilon.
  1130 | D:3      | Found a shattered altar of Ashenzari.
  1380 | D:3      | Reached skill level 1 in Armour
  1380 | D:3      | Reached XP level 4. HP: 25/27 MP: 4/4
  1753 | D:4      | Noticed JudasIscariot's ghost (amateur KoAs)
  1770 | D:4      | Reached skill level 4 in Staves
  1791 | D:4      | Killed JudasIscariot's ghost
  1791 | D:4      | Reached XP level 5. HP: 22/33 MP: 5/5
  1791 | D:4      | Reached XP level 6. HP: 25/38 MP: 6/6
  2026 | D:4      | Reached skill level 5 in Staves
  2044 | D:4      | Noticed an ogre
  2065 | D:4      | Killed an ogre
  2319 | D:4      | Found a staircase to the Ecumenical Temple.
  2328 | Temple   | Entered the Ecumenical Temple
  2536 | D:4      | Found a shimmering altar of Xom.
  2574 | D:4      | Reached XP level 7. HP: 38/43 MP: 7/7
  2636 | D:4      | Noticed a phantom
  2669 | D:4      | Killed a phantom
  2951 | D:4      | Found a deep blue altar of Sif Muna.
  3131 | D:5      | Entered Level 5 of the Dungeon
  3159 | D:5      | Noticed Pikel
  3208 | D:5      | Killed Pikel
  3208 | D:5      | Reached skill level 5 in Fighting
  3208 | D:5      | Reached skill level 6 in Staves
  3208 | D:5      | Reached XP level 8. HP: 22/49 MP: 8/8
  3319 | D:5      | Found a sand-covered staircase.
  3337 | Ossuary  | Entered an ossuary
  3371 | Ossuary  | HP: 1/50 [mummy (10)]
  3372 | Ossuary  | Mangled by a mummy

Action                   |  1- 3 |  4- 6 |  7- 9 || total
-------------------------+-------+-------+-------++-------
Melee: Quarterstaff      |   133 |    94 |   153 ||   380
Throw: Throwing net      |       |     2 |       ||     2
  Use: Potion            |       |       |     1 ||     1
  Eat: Chunk             |     1 |     3 |     4 ||     8
